 Dungeon Crawl Stone Soup version 0.18-a0-1418-ga86aa8f (webtiles) character file.

12289 Ratboiler the Basher (level 11, -2/165 HPs)
             Began as a Deep Dwarf Artificer on Feb 26, 2016.
             Was a High Priest of Makhleb.
             Slain by an eight-headed hydra (9 damage)
             ... on level 1 of the Lair of Beasts.
             The game lasted 00:39:57 (9861 turns).

Ratboiler the Basher (Deep Dwarf Artificer)         Turns: 9861, Time: 00:39:57

Health: -2/165     AC: 30    Str: 15    XL:     11   Next: 60%
Magic:  12/12      EV:  2    Int: 13    God:    Makhleb [*****.]
Gold:   411        SH:  3    Dex: 16    Spells: 2 memorised, 6 levels left

rFire  . . .     SeeInvis .     a - +2 morningstar (vamp)
rCold  . . .     Gourm    .     (armour currently unavailable)
rNeg   + + +     Faith    .     (no shield)
rPois  +         Spirit   .     (helmet currently unavailable)
rElec  .         Dismiss  .     (cloak currently unavailable)
rCorr  .         Reflect  +     (gloves currently unavailable)
SustAt .         Harm     .     (boots currently unavailable)
MR     .....     NoTele   +     J - +3 amulet of reflection
Stlth  +++.......               H - ring of stealth
                                Y - +5 ring of protection

@: tree-form, vulnerable, non-regenerating, not resistant to hostile
enchantments, fairly stealthy
A: damage resistance, recharge devices, sense surroundings 2, slow regeneration
3
a: Device Recharging, Minor Destruction, Lesser Servant of Makhleb, Major
Destruction, Greater Servant of Makhleb, Renounce Religion


You were on level 1 of the Lair of Beasts.
You worshipped Makhleb.
Makhleb was extremely pleased with you.
You were not hungry.
You were a tree.
You visited 3 branches of the dungeon, and saw 14 of its levels.

You collected 602 gold pieces.
You spent 191 gold pieces at shops.

Inventory:

Hand Weapons
 a - a +2 vampiric morningstar (weapon)
Missiles
 l - 13 tomahawks (quivered)
 m - 6 silver javelins
 t - 5 needles of sleeping
 z - 27 poisoned needles
 F - 4 javelins
Armour
 q - a +0 leather armour of poison resistance (melded)
 u - a +0 pair of gloves (melded)
 G - a +0 shield
 Q - a +1 helmet (melded)
Jewellery
 k - an uncursed ring of poison resistance
 n - an uncursed ring of fire
 H - a ring of stealth (right branch)
 J - a +3 amulet of reflection (around neck)
 Y - a +5 ring of protection (left branch)
Wands
 c - a wand of random effects (15/48)
 f - a wand of heal wounds (0/9)
 W - a wand of slowing (22/48)
 Z - a wand of slowing (2/48)
Scrolls
 b - a scroll of vulnerability
 e - a scroll of noise {unknown}
 h - 3 scrolls of teleportation
 i - a scroll of acquirement {unknown}
 j - 6 scrolls of enchant weapon
 o - 5 scrolls of remove curse
 v - 4 scrolls of random uselessness
 y - 3 scrolls of recharging {unknown}
 E - 2 scrolls of fear {unknown}
 K - 4 scrolls of enchant armour {unknown}
 M - 7 scrolls of magic mapping
 P - 2 scrolls of immolation {unknown}
 S - a scroll of amnesia {unknown}
 T - a scroll of brand weapon
Potions
 r - 6 potions of curing
 s - 2 potions of cancellation
 A - a potion of ambrosia
 B - 3 potions of magic
 N - a potion of flight
Comestibles
 g - 9 bread rations
 p - 3 meat rations
 V - 10 royal jellies


   Skills:
 + Level 10.4 Fighting
   Level 0.8 Short Blades
 * Level 13.2 Maces & Flails
   Level 5.1 Polearms
 - Level 2.1 Dodging
 - Level 1.2 Stealth
 - Level 4.0 Evocations


You had 6 spell levels left.
You knew the following spells:

 Your Spells              Type           Power        Failure   Level  Hunger
a - Repel Missiles        Chrm/Air       #.....       47%         2    ###....
b - Blink                 Tloc           N/A          47%         2    ###....


Dungeon Overview and Level Annotations

Branches:
Dungeon (11/15)            Temple (1/1) D:6            Lair (2/8) D:9
    Orc (0/2) D:10

Altars:
Ashenzari
Cheibriados
Elyvilon
Fedhas
Gozag
Kikubaaqudgha
Makhleb
Nemelex Xobeh
Okawaru
Pakellas
Qazlal
Ru
Trog
Vehumet
Xom
Yredelemnul
Zin
The Shining One
Jiyva

Shops:
D:7 *   D:10 *

Annotations:
D:11 Snorg
Lair:2 Urug


Innate Abilities, Weirdness & Mutations

You are resistant to damage.
You can recharge devices by infusing magical energy.
You passively map the area around you.
You do not regenerate naturally.


Message History

The elephant trunk-slaps you but does no damage.
The eight-headed hydra bites you but does no damage. x2
You block the eight-headed hydra's attack.
The eight-headed hydra bites you but does no damage. x3
The eight-headed hydra bites you!
* * * LOW HITPOINT WARNING * * *
The eight-headed hydra bites you but does no damage.
The elephant tramples you but does no damage.
You block the elephant's attack.
Read which item? (? for menu, Esc to quit)
As you read the scroll labeled RAANAU PIACAC, it crumbles to dust.
You cannot teleport because you are held in place by your roots.
It was a scroll of blinking.
The elephant tramples you but does no damage.
The elephant trunk-slaps you but does no damage.
The eight-headed hydra bites you!
* * * LOW HITPOINT WARNING * * *
The eight-headed hydra bites you but does no damage.
The eight-headed hydra bites you!
You die...

#.........#,.*
##.....+...#####..
#........##t# #.....# #..
#...........# #.....#* ##..
#....D....## #.....# #..#
#....>...## ##+..## ####
###.+.###.# ##.. * #P ##..# *##
#.. * ##. ##.# #D# * ###..
#.#### #♣## ### #...# #....#
##YY####.### ##.### ####.#
#.Y........# #..... * ##.##
#..........###.....
P#.##...#####..................
............+........÷.+.#..>..
######..#####..........###.....
#.## ##.#'####..# #..... ####†#
###..###### ##.###


You could see an eight-headed hydra and 3 elephants.

Vanquished Creatures
  Erolcha (D:9)
  A cyclops (D:11)
  3 elephants (Lair:1)
  A black mamba (Lair:1)
  A spiny frog (Lair:2)
  A komodo dragon (Lair:1)
  3 trolls
  A wraith (D:10)
  A wyvern (D:8)
  17 yaks
  3 hungry ghosts
  A hippogriff (Lair:1)
  A porcupine (D:9)
  2 ice beasts
  2 black bears
  7 orc warriors
  4 centaurs
  9 ogres
  5 crocodiles
  3 big kobolds
  8 giant frogs
  2 water moccasin zombies
  4 scorpions
  6 howler monkeys
  2 centaur zombies
  3 crimson imps
  2 giant frog zombies
  4 jellies (D:10)
  3 hounds
  A centaur skeleton (D:10)
  An orc priest (D:9)
  2 giant frog skeletons
  4 orc wizards
  4 iguanas
  4 worker ants
  Terence (D:2)
  9 sheep (D:9)
  3 hound skeletons
  3 gnolls
  10 adders
  A river rat (D:9)
  4 shadow imps
  5 oozes (D:10)
  An adder skeleton (D:8)
  An adder zombie (D:8)
  2 worms (D:3)
  A dart slug (D:4)
  2 giant geckos
  46 orcs
  4 bats (D:1)
  7 giant cockroaches
  10 goblins
  6 hobgoblins
  6 jackals
  7 quokkas
  A giant gecko skeleton (D:7)
  5 giant newts
  22 kobolds
  8 rats
  A plant (Lair:2)
283 creatures vanquished.

Vanquished Creatures (collateral kills)
  A worker ant (D:4)
  A gnoll (D:4)
  A dart slug (D:4)
3 creatures vanquished.

Vanquished Creatures (others)
  A centaur (D:8)
  A howler monkey (D:4)
  A hound (D:4)
  An orc wizard (D:4)
  An adder (D:4)
  A giant gecko (D:1)
  An orc (D:4)
  2 jackals (D:1)
  A plant (Lair:1)
10 creatures vanquished.

Grand Total: 296 creatures vanquished

Notes
Turn   | Place    | Note
--------------------------------------------------------------
     0 | D:1      | Ratboiler the Deep Dwarf Artificer began the quest for the Orb.
     0 | D:1      | Reached XP level 1. HP: 16/16 MP: 3/3
    17 | D:1      | Reached skill level 1 in Fighting
   138 | D:1      | Reached XP level 2. HP: 19/26 MP: 5/5
   479 | D:2      | Reached skill level 1 in Polearms
   526 | D:2      | Reached XP level 3. HP: 16/32 MP: 6/6
   917 | D:2      | Noticed Terence
   923 | D:2      | Killed Terence
   923 | D:2      | Reached XP level 4. HP: 18/40 MP: 7/7
  1148 | D:3      | Found an ancient bone altar of Kikubaaqudgha.
  1150 | D:3      | Found a blossoming altar of Fedhas.
  2160 | D:3      | Reached XP level 5. HP: 23/49 MP: 8/8
  2521 | D:4      | Found a basalt altar of Yredelemnul.
  2672 | D:4      | Reached XP level 6. HP: 17/57 MP: 9/9
  3088 | D:5      | Entered Level 5 of the Dungeon
  3467 | D:5      | Learned a level 2 spell: Repel Missiles
  3470 | D:5      | Learned a level 2 spell: Blink
  3704 | D:6      | HP: 1/58 [centaur (6)]
  3708 | D:6      | Reached XP level 7. HP: 1/66 MP: 9/9
  3795 | D:6      | Reached skill level 5 in Fighting
  3933 | D:6      | Reached skill level 5 in Polearms
  4110 | D:6      | Reached skill level 1 in Maces & Flails
  4153 | D:6      | Found a snail-covered altar of Cheibriados.
  4210 | D:6      | Found a shimmering altar of Xom.
  4211 | D:6      | Found a burning altar of Makhleb.
  4254 | D:6      | Found a staircase to the Ecumenical Temple.
  4260 | Temple   | Entered the Ecumenical Temple
  4447 | D:6      | Noticed a yak
  4448 | D:6      | Noticed a yak
  4544 | D:6      | Noticed a yak
  4544 | D:6      | Noticed a yak
  4544 | D:6      | Noticed a yak
  4544 | D:6      | Noticed a yak
  4834 | D:6      | Reached skill level 2 in Maces & Flails
  4864 | D:6      | Became a worshipper of Makhleb the Destroyer
  5455 | D:7      | Reached skill level 3 in Maces & Flails
  5455 | D:7      | Reached XP level 8. HP: 43/76 MP: 10/10
  5528 | D:7      | Reached skill level 4 in Maces & Flails
  5934 | D:7      | Reached * piety under Makhleb
  5987 | D:7      | Found Ceumomn's General Store.
  5991 | D:7      | Bought a scroll of magic mapping for 49 gold pieces
  6193 | D:7      | Reached skill level 5 in Maces & Flails
  6228 | D:8      | Reached skill level 6 in Maces & Flails
  6448 | D:8      | Found a sparkling altar of Nemelex Xobeh.
  6462 | D:8      | Gained mutation: You passively map the area around you. [Deep Dwarf growth]
  6462 | D:8      | Reached XP level 9. HP: 74/85 MP: 10/10
  6502 | D:8      | Found a shattered altar of Ashenzari.
  6663 | D:8      | Reached skill level 7 in Maces & Flails
  6905 | D:8      | Found an oddly glowing altar of Pakellas.
  6934 | D:8      | Reached ** piety under Makhleb
  6940 | D:8      | Reached skill level 8 in Maces & Flails
  7004 | D:9      | Found a sacrificial altar of Ru.
  7023 | D:9      | Reached skill level 9 in Maces & Flails
  7039 | D:9      | Found a staircase to the Lair.
  7077 | D:9      | Noticed a troll
  7099 | D:9      | Killed a troll
  7099 | D:9      | Reached XP level 10. HP: 96/96 MP: 11/11
  7362 | D:9      | Found a bloodstained altar of Trog.
  7363 | D:9      | Found an iron altar of Okawaru.
  7394 | D:9      | Reached skill level 10 in Maces & Flails
  7472 | D:9      | Reached *** piety under Makhleb
  7598 | D:9      | Noticed Erolcha
  7622 | D:9      | Killed Erolcha
  8143 | D:10     | Entered Level 10 of the Dungeon
  8215 | D:10     | Found Doess's General Store.
  8218 | D:10     | Bought a scroll of enchant weapon for 112 gold pieces
  8218 | D:10     | Bought a scroll of identify for 30 gold pieces
  8257 | D:10     | Reached skill level 11 in Maces & Flails
  8455 | D:10     | Found a stormy altar of Qazlal.
  8489 | D:10     | Reached **** piety under Makhleb
  8718 | D:10     | Reached XP level 11. HP: 106/106 MP: 12/12
  8774 | D:10     | Reached skill level 12 in Maces & Flails
  8799 | D:10     | Reached ***** piety under Makhleb
  8963 | D:10     | Found a staircase to the Orcish Mines.
  9028 | D:10     | Found a viscous altar of Jiyva.
  9234 | D:11     | Noticed Snorg
  9300 | Lair:1   | Entered Level 1 of the Lair of Beasts
  9337 | Lair:1   | Found an oddly glowing altar of Pakellas.
  9405 | Lair:1   | Reached skill level 10 in Fighting
  9459 | Lair:1   | Noticed an eight-headed hydra
  9467 | Lair:1   | Got a jewelled spear
  9487 | Lair:1   | Identified the cursed +1 spear of the First Stars {flame, rPois} (You found it on level 1 of the Lair of Beasts)
  9594 | Lair:1   | Noticed an eight-headed hydra
  9702 | Lair:2   | Reached skill level 13 in Maces & Flails
  9739 | Lair:2   | Noticed Urug
  9861 | Lair:1   | HP: 7/165 [eight-headed hydra (5)]
  9861 | Lair:1   | Slain by an eight-headed hydra

Vault maps used:
D:1:      mushboom_english_gardens
D:2:      first_bread, uniq_terence
D:3:      grunt_temple_overflow_growth_and_decay, serial_forest,
          infiniplex_forest_lined_room_2, infiniplex_forest_straight_5,
          infiniplex_forest_side_room, infiniplex_forest_clump_small,
          infiniplex_forest_clump_double, infiniplex_forest_lined_1,
          infiniplex_forest_lined_room_3
D:4:      overflow_temple_1_default, serial_park_tiny_2
D:5:      grunt_dithmenos_shadows, led_sif_pool, kennysheep_generic_room_15
D:6:      grunt_temple_overflow_champion_of_chaos, cheibriados_altar_wand_db,
          temple_green
D:7:      serial_shops, shop
D:8:      nicolae_ashenzari_panopticon, kennysheep_mini,
          nemelex_xobeh_ov_fountains_minmay
D:9:      grunt_temple_overflow_bloody_war, kennysheep_little_box,
          minmay_lair_entry_grove, uniq_erolcha
D:10:     orc_0_dummy, serial_shops, nicolae_shop_window_shopping, basic_altar,
          hangedman_little_slice_of_home
D:11:     uniq_snorg
Temple:   circular_temple_6
Lair:1:   basic_altar
Lair:2:   beast_lair_carwin_2, grunt_megastairs_4, uniq_urug

Skill      XL: |  1  2  3  4  5  6  7  8  9 10 11 |
---------------+----------------------------------+-----
Fighting       | 1 2 3 4 5 6 8 9 10 | 10.4
Polearms       | 1 2 3 4 5 |  5.1
Maces & Flails | 3 6 9 11 13 | 13.2
Short Blades   | |  0.8
Dodging        | |  2.1
Stealth        | |  1.2
Evocations     | |  4.0

Action                   |  1- 3 |  4- 6 |  7- 9 | 10-12 || total
-------------------------+-------+-------+-------+-------++-------
Melee: Spear             |    85 |   212 |    50 |       ||   347
       Short sword       |    11 |       |       |       ||    11
       Morningstar       |       |       |   307 |   596 ||   903
Throw: Tomahawk          |     9 |    75 |    25 |     6 ||   115
       Javelin           |       |    18 |     4 |       ||    22
 Abil: Device Recharging |       |     1 |     1 |       ||     2
Evoke: Wand              |    10 |    27 |    26 |     2 ||    65
  Use: Scroll            |       |       |    11 |     8 ||    19
       Potion            |       |       |     2 |     4 ||     6
 Stab: Sleeping          |       |     3 |     4 |     7 ||    14
       Distracted        |       |       |     1 |     1 ||     2
  Eat: Meat ration       |       |     2 |     4 |     4 ||    10
       Beef jerky        |       |     1 |     1 |     2 ||     4
       Royal jelly       |       |       |     1 |       ||     1
       Chunk             |       |       |       |     6 ||     6
